Cogmind - Beta 16 @@@ ROGUE MODE // 2025.11.08 @ 17:51:29 Player: StaticNoob Result: Destroyed by G-34 Mercenary with Small Laser Performance ------------- Evolutions (0) 0 Regions Visited (2) 400 Robots Destroyed (27) 135 Value Destroyed (466) 466 Prototype IDs (0) 0 Alien Tech Used (0) 0 Bonus (0) 0 TOTAL SCORE: 1001 Bonus ------- None Cogmind --------- Core Integrity 0/250 Matter 236/300 Energy 98/100 System Corruption 0% Temperature Cool (6) Movement Walking (260) Ox2 Location -10/Mines Parts ------- > --- POWER (1) -------- (None) > --- PROPULSION (2) --- Aluminum Leg > --- UTILITY (2) ------ Heat Sink Large Storage Unit > --- WEAPON (2) ------- Light Assault Rifle Light Assault Rifle > --- INVENTORY (15) --- Small Storage Unit Medium Matter Pod (19) Light Assault Rifle Light Assault Rifle Grenade Launcher Grenade Launcher Peak State ------------ > --- POWER ------------ Light Ion Engine > --- PROPULSION ------- Light Treads Light Treads > --- UTILITY ---------- Small Storage Unit Light Armor Plating > --- WEAPON ----------- Small Laser Light Assault Rifle > --- INVENTORY -------- Ion Engine Grenade Launcher [Rating: 7] Favorites ----------- Power Light Ion Engine Engine Light Ion Engine Propulsion Light Treads Treads Light Treads Leg Aluminum Leg Utility Small Storage Unit Device Seismic Detector Storage Small Storage Unit Protection Light Armor Plating Weapon Light Assault Rifle Energy Gun Small Laser Ballistic Gun Light Assault Rifle Launcher Grenade Launcher Build | -11 -10 -10 ------- Run | Yrd Mat Min Slots Evolved . | . . . Power . | . . . Propulsion . | . . . Utility . | . . . Weapon . | . . . Parts Attached 17 | 6 9 2 Power 2 | 1 1 . Engine 2 | 1 1 . Core . | . . . Reactor . | . . . Propulsion 4 | 2 1 1 Treads 3 | 2 1 . Leg 1 | . . 1 Wheel . | . . . Hover . | . . . Flight . | . . . Utility 5 | 1 3 1 Device 2 | . 1 1 Storage 2 | 1 1 . Processor . | . . . Hackware . | . . . Protection 1 | . 1 . Artifact . | . . . Weapon 6 | 2 4 . Energy Gun 1 | 1 . . Energy Cannon . | . . . Ballistic Gun 3 | 1 2 . Ballistic Cannon . | . . . Launcher 2 | . 2 . Special Weapon . | . . . Impact Weapon . | . . . Slashing Weapon . | . . . Piercing Weapon . | . . . Special Melee Weapon . | . . . Unidentified Prototypes . | . . . Parts Lost 7 | . 3 4 Power 2 | . 1 1 Propulsion 3 | . 1 2 Utility 1 | . . 1 Weapon 1 | . 1 . Highest Loss Streak 4 | . 3 4 To Critical Strikes . | . . . Average Backups 4 | . 4 6 Power . | . . . Propulsion . | . . . Utility . | . . 2 Weapon 2 | . 2 4 Tool/Special . | . . . Unused Backups 3 | . . 3 Power . | . . . Propulsion . | . . . Utility 1 | . . 1 Weapon 2 | . . 2 Tool/Special . | . . . Average Slot Usage (%) 97 | . 98 86 Engine 13 | . 14 10 Treads 26 | . 27 18 Device 7 | . 6 12 Storage 14 | . 14 14 Protection 5 | . 6 . Energy Gun 1 | . 1 . Ballistic Gun 26 | . 26 28 Peak Build Rating 7 | 6 7 7 Average Rating 6 | 4 6 6 On Entrance 4 | . 6 7 Avg Prop Armor Cover (%) . | . . . Naked Turns . | . . . Heaviest Build 28 | 10 28 28 Greatest Support 40 | 40 40 40 Greatest Overweight (x) 7 | . . 7 Average Overweight (x) . | . . . Largest Inventory Capacity 15 | 8 15 15 Average Capacity 9 | 7 8 15 Most Carried 8 | 1 8 7 Average Carried 4 | . 4 6 Final Capacity 15 | 8 15 15 Final Carried 7 | 1 7 6 Class Distribution -------------------- 100% | Mutant Dominant Class ---------------- Mutant | -10/Materials Mutant | -10/Mines Resources | -11 -10 -10 ----------- Run | Yrd Mat Min Matter Collected 602 | 134 355 113 Remotely . | . . . Salvage Created 619 | 64 434 121 Parts 57 | 8 36 13 Haulers Intercepted 2 | . 2 . Recyclers Shooed . | . . . Parts Field Recycled . | . . . Retrieved Matter . | . . . Parts Self-Destructed . | . . . Prevented . | . . . Parts Restored . | . . . Kills | -11 -10 -10 ------- Run | Yrd Mat Min Combat Hostiles Destroyed 20 | . 15 5 Guns 12 | . 10 2 AOE 8 | . 5 3 Classes Destroyed 5 | 1 4 . Tunneler 4 | 4 . . Hauler 2 | . 2 . Watcher 1 | . 1 . Swarmer 12 | . 9 3 Grunt 8 | . 6 2 Best Kill Streak 5 | 3 5 5 Combat Bots Only 5 | . 5 5 Max Kills in Single Turn 3 | 1 2 3 Gunslinging . | . . . Exploded 3 | . 2 3 Melee . | . . . Uniques/NPCs Destroyed . | . . . Combat | -11 -10 -10 -------- Run | Yrd Mat Min Hostile Shots Fired 121 | . 83 38 Missed 31 | . 22 9 Hits 90 | . 61 29 Projectile 90 | . 61 29 Critical Strikes 4 | . 3 1 Damage Taken 1084 | . 711 373 Core 252 | . 115 137 Absorbed by Shields . | . . . Core Remaining (%) 100 | 100 . . Volleys Fired 105 | 15 72 18 Largest 2 | 2 2 2 Hottest 60 | 60 60 40 Shots Fired 203 | 30 138 35 Gun 196 | 30 132 34 Cannon . | . . . Launcher 7 | . 6 1 Special . | . . . Kinetic 177 | 15 128 34 Thermal 19 | 15 4 . Explosive 7 | . 6 1 Electromagnetic . | . . . Robot Hit Streak 14 | 5 14 7 Robot Miss Streak 4 | 4 3 2 Penetration Max . | . . . Secondary Targets 2 | . 2 . Max Gunslinging Chain 1 | . 1 . Shots Hit Robots 131 | 18 87 26 Core Hits 54 | 8 34 12 Critical Kills 1 | . 1 . Critical Parts Destroyed 1 | . 1 . Critical Strikes 2 | . 2 . Destroy 2 | . 2 . Melee Attacks . | . . . Impact . | . . . Slashing . | . . . Piercing . | . . . Sneak Attacks . | . . . Combat Hostiles . | . . . Follow-up Attacks . | . . . Damage Inflicted 1460 | 173 982 305 Guns 1069 | 173 688 208 Cannons . | . . . Explosions 371 | . 274 97 Melee . | . . . Ramming 20 | . 20 . Kinetic 968 | 84 676 208 Thermal 101 | 89 12 . Explosive 371 | . 274 97 Electromagnetic . | . . . Impact . | . . . Slashing . | . . . Piercing . | . . . Highest Corruption . | . . . Average Corruption . | . . . Corruption Purged . | . . . Corruption Blocked . | . . . Overload Shots . | . . . Overflow Damage 2 | . 2 . Projectiles . | . . . Explosions 2 | . 2 . Melee . | . . . Knockbacks . | . . . Impact . | . . . Kinetic . | . . . Secondary . | . . . Self-Inflicted Damage 26 | . 26 . Shots 1 | . 1 . Rammed 5 | . 5 . Targets Rammed 5 | . 5 . Kicked . | . . . Crushed . | . . . Highest Temperature 70 | 42 70 33 Average Temperature 20 | 21 20 17 Received Heat Transfer 597 | . 369 228 Siege Activations . | . . . Martial Activations . | . . . Shielding Activations . | . . . Robots Disrupted . | . . . Combat Hostiles . | . . . Robots Corrupted . | . . . Combat Hostiles . | . . . Parts Fried . | . . . Impact Corruptions . | . . . Robots Melted . | . . . Combat Hostiles . | . . . Parts Melted . | . . . Heat Transferred 225 | 200 25 . Parts Sabotaged . | . . . Parts Stolen . | . . . Parts Stripped . | . . . Power Chain Reactions . | . . . Alert | -11 -10 -10 ------- Run | Yrd Mat Min Maximum Alert Level . | . . . Low Security (%) 100 | 100 100 100 Level 1 . | . . . Level 2 . | . . . Level 3 . | . . . Level 4 . | . . . Level 5 . | . . . High Security . | . . . Max Security . | . . . Peak Influence 135 | 10 135 94 Initial 12 | . 3 12 Average 54 | 1 65 19 Influence Increases 578 | 20 434 124 Destroy 0b10 Robot/C 400 | . 300 100 Destroy 0b10 Robot/NC 35 | 20 15 . Destroy Leader 96 | . 76 20 Successful Hack 19 | . 19 . Destroy Structure 28 | . 24 4 Influence Decreases 494 | 15 408 71 Entered New Map 21 | . 2 19 Time Decay 423 | 15 376 32 Lost Part 50 | . 30 20 Squads Dispatched 3 | . 3 . Investigation . | . . . Extermination . | . . . Reinforcement 3 | . 3 . Assault . | . . . Garrison . | . . . Intercept . | . . . Searches Triggered . | . . . Construction Impeded . | . . . Haulers Reinforced . | . . . Active Scanning Responses . | . . . Cargo Convoy Interrupts . | . . . Stealth | -11 -10 -10 --------- Run | Yrd Mat Min Distress Signals 3 | . 3 . Communications Jammed . | . . . Distress Signals . | . . . Times Spotted 34 | . 27 7 Peak Tracking Total 4 | . 4 3 Tactical Retreats . | . . . Traps | -11 -10 -10 ------- Run | Yrd Mat Min Traps Triggered 2 | . 2 . Indirectly . | . . . Trap Hack Attempts . | . . . Triggered . | . . . Disarmed . | . . . Reprogrammed . | . . . Reused . | . . . Traps Extracted . | . . . Installed . | . . . Triggered . | . . . Machines | -11 -10 -10 ---------- Run | Yrd Mat Min Machines Disabled . | . . . Max in Single Turn . | . . . Machines Repaired . | . . . Machines Dismantled . | . . . Machines Sabotaged . | . . . Overloaded Fab Kills . | . . . Hacking | -11 -10 -10 --------- Run | Yrd Mat Min Machines Accessed 6 | . 5 1 Terminals 5 | . 5 . Fabricators . | . . . Repair Stations . | . . . Recycling Units . | . . . Scanalyzers . | . . . Garrison Access . | . . . Total Hacks 14 | . 13 1 Successful 6 | . 5 1 Failed 8 | . 8 . Catastrophic . | . . . Database Lockouts . | . . . Manual 13 | . 13 . Terminals 13 | . 13 . Fabricators . | . . . Repair Stations . | . . . Recycling Units . | . . . Scanalyzers . | . . . Garrison Access . | . . . Terminal Hacks 1 | . . 1 Open Door 1 | . . 1 Fabricator Hacks . | . . . Repair Station Hacks . | . . . Recycling Unit Hacks . | . . . Scanalyzer . | . . . Garrison Access Hacks . | . . . Unauthorized Hacks 5 | . 5 . Terminals 5 | . 5 . Assimilate 1 | . 1 . Botnet 1 | . 1 . Skim 3 | . 3 . Fabricators . | . . . Repair Stations . | . . . Recycling Units . | . . . Scanalyzers . | . . . Garrison Access . | . . . Data Cores Recovered . | . . . Used . | . . . Hacking Detections 5 | . 5 . Full Trace Events . | . . . Feedback Events . | . . . Feedback Blocked . | . . . Robot Schematics Acquired . | . . . Robots Built . | . . . Authchips . | . . . Time . | . . . Total Robot Build Rating . | . . . Part Schematics Acquired . | . . . Parts Built . | . . . Authchips . | . . . Time . | . . . Total Part Build Rating . | . . . Part Studies Acquired . | . . . Parts Repaired . | . . . Time . | . . . Parts Recycled . | . . . Recycled Matter . | . . . Retrieved Matter . | . . . Retrieved Components . | . . . Parts Scanalyzed . | . . . Part Schematics Acquired . | . . . Parts Damaged . | . . . Bothacking | -11 -10 -10 ------------ Run | Yrd Mat Min Used RIF Installer . | . . . Robots Hacked . | . . . Non-combat . | . . . Combat . | . . . Robot Hacks Applied . | . . . Relay Couplers Released . | . . . Fabnet Peak Effective % . | . . . Robots Rewired . | . . . Allies Hacked . | . . . Hacks Repelled . | . . . Allies | -11 -10 -10 -------- Run | Yrd Mat Min Total Allies . | . . . Largest Group . | . . . Highest-Rated Group . | . . . Highest-Rated Ally . | . . . Total Orders . | . . . Ally Attacks . | . . . Total Damage . | . . . Kills . | . . . Allies Corrupted . | . . . Allies Melted . | . . . Intel | -11 -10 -10 ------- Run | Yrd Mat Min Active Infowar (turns) 618 | . 518 100 Seismic 618 | . 518 100 Robot Analysis Total . | . . . Derelict Logs Recovered . | . . . Drone Launches . | . . . Drone Recoveries . | . . . Exploration | -11 -10 -10 ------------- Run | Yrd Mat Min Turns Passed 1329 | 117 1073 139 Spaces Moved 607 | 45 514 48 Core 6 | 5 . 1 Treads 599 | 40 514 45 Legs 2 | . . 2 Wheels . | . . . Hover . | . . . Flight . | . . . Fastest Speed 50 | 50 160 160 Average Speed 159 | 147 160 169 Slowest Speed 400 | 160 160 400 Overloaded Moves . | . . . Propulsion Burnouts . | . . . Robots Hopped . | . . . Potential Cave-ins . | . . . Cave-ins Triggered . | . . . Exploration Rate (%) 39 | 4 94 19 Regions Visited 2 Branch Regions 1 Pre-discovered Areas . | . . . Known Exits Taken . | . . . Unknown Exits Taken 2 | 1 1 . Scrap Searched 1 | . . 1 Spaces Dug . | . . . Terrain Destroyed 28 | . 24 4 Melee . | . . . Projectile . | . . . AOE 28 | . 24 4 Terrain Rammed . | . . . Walls Destroyed . | . . . Machines Disabled . | . . . Actions | -11 -10 -10 --------- Run | Yrd Mat Min Total 788 | 66 644 78 Wait 37 | . 29 8 Move 605 | 44 513 48 Hop . | . . . Pick Up 9 | 1 8 . Fast Attach 14 | 6 7 1 Attach 4 | . 3 1 Detach . | . . . Swap 7 | . 5 2 Drop 2 | . 2 . Fire 105 | 15 72 18 Melee . | . . . Ram . | . . . Kick . | . . . Crush 5 | . 5 . Escape Stasis . | . . . Rewire . | . . . Trap . | . . . Miscellaneous . | . . . Route ------- -11/Scrapyard -10/Materials (discovered 5 exits: [*Mat x3] / *Min x2) -10/Mines History --------- Turn | Location | Event 44 | -11/Scrapyard | Discovered new exit (range 14) 118 | -11/Scrapyard | Entered Materials 254 | -10/Materials | Discovered new exit (range 14) 316 | -10/Materials | Build established: Mutant 391 | -10/Materials | Discovered new exit (range 15) 610 | -10/Materials | Discovered new exit (range 7) 755 | -10/Materials | Discovered new exit (range 7) 949 | -10/Materials | Lost 3 parts (1p1n1w) 975 | -10/Materials | Discovered new exit (range 16) 1191 | -10/Materials | Entered Mines 1196 | -10/Mines | Met a Derelict who couldn't figure out how to use a Trap Extractor 1220 | -10/Mines | Found DCF Scrap (10 items) 1271 | -10/Mines | Core integrity fell below 50% 1325 | -10/Mines | Core integrity fell below 20% 1326 | -10/Mines | Lost 4 parts (1p2n1u) 1330 | -10/Mines | Destroyed by G-34 Mercenary with Small Laser Last Messages --------------- A note is attached: "With love, from the DCF." 01221_ Acquired 113 matter. 01252_ K-01 Serf collects debris. 01287_ Lgt. Treads destroyed. 01288_ G-47 Trooper destroyed. 01289_ Lgt. Treads destroyed. 01289_ K-01 Serf collects debris. 01291_ Seismic Detector destroyed. 01294_ K-01 Serf collects debris. 01295_ Ion Engine destroyed. 01298_ K-01 Serf collects debris. 01299_ G-34 Mercenary destroyed. 01303_ S-10 Pest destroyed. 01306_ U-05 Engineer lays Concrete. 01308_ Laser Drill disabled. 01308_ U-05 Engineer lays Concrete. 01310_ Critical hit (Burn: +37). 01310_ U-05 Engineer lays Concrete. 01310_ Acquired Aluminum Leg. 01311_ U-05 Engineer lays Concrete. Map ----- +----------------------------------------------------+ | | | | | | | | | | | | | ?????????????????????????????????????????????????? | | ?????????????????????????????????????????????????? | | ?????????????????????????????????????????????????? | | ??????????????????????????# ?????????????????????? | | ?????????????????????????# ????????????????????? | | ??????????????????????### ?????????????????????? | | ?????????????????????## ?????????????????????? | | ????????????? ?????### ?????????????########? | | ?????????????? ##### ??????????????#""""""#? | | ??????????????? [ = ??????????????#]!]!!*#? | | ????????????????%**[ ???????????????#^!^ #?? | | ????????????????#=u= ????????????????#[ !#?? | | ????????????????# [ ???????????????### ###? | | ????????????????# #???????????????# X #? | | ????????????????# #???????????????# ## | | ????????????????## ##????####??????# # | | ????????????????# ###### ##?????# # | | ???????????????## #?????# # | | ?????????????### ##????# # | | ?????????????# @ ###### ##???# # | | ????????????# *= ###????## ####### ##### | | ????????????# =gg##???????# ####=#???? | | ????????? """ #????????# *] !*#???? | | ????????? """ ????????## ![###=#???? | | ?????????###### "" ?????????## ]##?# #???? | | ??????????????##### ??????????## ##??# ???? | | ??????????????????## ???????????####??? ""??? | | ???????????????????## ????????????????? """?? | | ????????????????????# ###????????????????? """?? | | ????????????????????# ???????????????????? ? ? | | ????????????????????# ???????????????????? ???? | | ????????????????????# ???????????????????? ???? | | ???????????????????? ???????????????????? ???? | | ????????????????????? ???????????????????? ???? | | ????????????????????? #???????????????????? ##???? | | ????????????????????? ????????????????????? ?????? | | ??????????????????????????????????????????? ?????? | | ?????????????????????????????????????????????????? | | ?????????????????????????????????????????????????? | | ?????????????????????????????????????????????????? | | ?????????????????????????????????????????????????? | | ?????????????????????????????????????????????????? | | ?????????????????????????????????????????????????? | | ?????????????????????????????????????????????????? | +----------------------------------------------------+ Best States ------------- Heat Dissipation 35 Energy Generation 10 Energy Capacity 250 Matter Stores 300 Matter Capacity 300 Sight Range 16 Terrain Scan Density 10 Armor Coverage 150 Evasion (%) 40 Recoil Reduction 2 Item Schematics ----------------- None Robot Schematics ------------------ None Fabricated ------------ Nothing Repaired ---------- Nothing Studied --------- None Alien Tech Used ----------------- None Achievements -------------- None Challenges ------------ None Game ------ Seed PoweredDirtyInterrupter Manual? 0 Play Time 00:08:51 Cumulative 238.8 hours Start 2025.11.08 @ 17:43:38 End 2025.11.08 @ 17:51:29 Sessions 1 Manual Loads 0 Difficulty Rogue Special Mode None Game No. 190 Rogue 190 Adventurer 0 Explorer 0 Win Type - Total 6 Types 4/0/1/1/0/0/0/0/0/0 Lore% 82 Gallery% 72 Achievement% 50 Wizard Run 0 Options --------- Layout 1 ASCII 0 Keyboard 0 Movement Numpad Keybinds 0 Fullscreen 1 Font 24/Smallcaps Map View 50x35 Zoom Use 0% Tactical HUD 1 Map Filters NONE Filters NONE Steam 1 RUN: 0c8e0e7b-37f2-44d1-a0b6-da0249ac01c1